 Dungeon Crawl Stone Soup version 0.29.1-4-g47bece8355 (webtiles) character file.

Game seed: 11803408230579156692

1702 croobank the Caller (level 9, -3/68 HPs)
             Began as a Human Summoner on Dec 8, 2022.
             Was an Initiate of Gozag.
             Slain by Edmund
             ... wielding a +2 flail of protection
              (12 damage)
             ... on level 6 of the Dungeon.
             The game lasted 00:34:44 (8072 turns).

croobank the Caller (Human Summoner)                Turns: 8072, Time: 00:34:44

Health: -3/68      AC:  6    Str:  8    XL:     9   Next: 23%
Magic:  16/16      EV: 15    Int: 19    God:    Gozag
Gold:   315        SH:  0    Dex: 21    Spells: 5/18 levels left

rFire   . . .      SeeInvis .   v - +3 whip (vamp)
rCold   . . .      Faith    .   (no shield)
rNeg    . . .      Spirit   .   j - +0 leather armour
rPois   .          Reflect  .   (no helmet)
rElec   .          Harm     .   (no cloak)
rCorr   .          Rampage  .   t - +1 pair of gloves
Will    .....                   w - +0 pair of boots
Stlth   ++........              d - amulet of magic regeneration
HPRegen 0.21/turn               y - +6 ring of dexterity
MPRegen 0.55/turn               (no ring)

@: no status effects
A: no striking features
a: Renounce Religion, Potion Petition, Call Merchant, Bribe Branch


You were on level 6 of the Dungeon.
You worshipped Gozag.
Gozag was aware of your devotion.
You visited 1 branch of the dungeon, and saw 6 of its levels.
You also visited: Ossuary.

You collected 629 gold pieces.
You paid 314 gold pieces to Gozag.

Inventory:

Hand Weapons
 f - a +0 dagger
 l - a +0 short sword
 r - a +0 spear
 u - a +0 quarterstaff
 v - a +3 vampiric whip (weapon)
 z - a +0 falchion
 C - a +0 long sword
Missiles
 h - 2 javelins (quivered)
Armour
 a - a +0 robe
 c - a +0 kite shield
 j - a +0 leather armour (worn)
 s - a +0 ring mail
 t - a +1 pair of gloves (worn)
 w - a +0 pair of boots (worn)
Jewellery
 d - an amulet of magic regeneration (around neck)
 y - a +6 ring of dexterity (left hand)
Wands
 D - a wand of iceblast (11)
Scrolls
 b - 3 scrolls of immolation
 g - 4 scrolls of magic mapping
 k - a scroll of vulnerability
 x - 2 scrolls of torment
 F - a scroll of amnesia
Potions
 i - a potion of curing
 m - 3 potions of magic
 n - 2 potions of degeneration
 o - 2 potions of flight {unknown}
 p - 2 potions of mutation {unknown}
 q - 4 potions of haste {unknown}
 A - a potion of attraction {unknown}
 B - a potion of brilliance {unknown}


   Skills:
 + Level 5.0 Fighting
 + Level 5.5 Dodging
 - Level 2.0 Stealth
 + Level 5.1 Spellcasting
 + Level 3.5 Hexes
 + Level 6.6 Summonings


You had 5 spell levels left.
You knew the following spells:

 Your Spells              Type           Power      Damage    Failure   Level
a - Summon Small Mammal   Summ           100%       N/A       1%          1
b - Call Imp              Summ           30%        N/A       1%          2
c - Call Canine Familiar  Summ           30%        N/A       3%          3
d - Summon Guardian Gole  Hex/Summ       24%        N/A       7%          3
e - Summon Lightning Spi  Summ/Air       17%        N/A       41%         4

Your spell library contained the following spells:

 Spells                   Type           Power      Damage    Failure   Level
 Sting                    Tmut/Pois      16%        1d3       19%         1
 Poisonous Vapours        Pois/Air       8%         N/A       26%         2
 Animate Armour           Summ/Erth      34%        N/A       41%         4
 Stone Arrow              Conj/Erth      8%         3d7       47%         3
 Vampiric Draining        Necr           4%         2d6       47%         3
 Olgreb's Toxic Radiance  Pois           4%         N/A       87%         4
 Death Channel            Necr           2%         N/A       100%        6
 Lehudib's Crystal Spear  Conj/Erth      2%         10d2      100%        8
 Animate Dead             Necr           Unusable   N/A       N/A         4

Dungeon Overview and Level Annotations

Branches:
Dungeon (6/15)            Ossuary (visited)
 Temple: D:4-7

Altars:
Gozag
Trog
The Shining One

Annotations:
D:6 Edmund


Message History

Your hound bites Edmund but does no damage.
Edmund hits you with a +2 flail of protection!
Your hound bites Edmund but does no damage.
You completely miss Edmund.
Edmund is lightly wounded.
Edmund hits you with a +2 flail of protection.
Your hound closely misses Edmund.
You closely miss Edmund.
Edmund is lightly wounded.
Edmund hits you with a +2 flail of protection.
Your hound closely misses Edmund.
Edmund hits you with a +2 flail of protection.
* * * LOW HITPOINT WARNING * * *
You hit Edmund but do no damage.
Edmund is lightly wounded.
Your hound barely misses Edmund.
Your hound bites Edmund but does no damage.
Edmund barely misses you.
The gnoll hits your guardian golem but does no damage.
Okay, then.
Blink to where?
Press: ? - help, Dir - move target
As you read the scroll of blinking, it crumbles to dust.
Your hound bites Edmund but does no damage.
Something hits your guardian golem but does no damage.
The centaur shoots an arrow.
The arrow barely misses you.
The centaur shoots an arrow.
The arrow closely misses you.
Your hound misses Edmund.
Okay, then.
Throw: 3 javelins
Press: ? - help, Q - select action, (/) - cycle Shift-Dir - straight line, f - centaur
Aim: a centaur, wielding a +0 shortbow (moderately wounded, 74% to hit)
You throw a javelin.
The javelin pierces through the centaur.
The centaur is moderately wounded.
The centaur shoots an arrow.
The arrow hits you!
* * * LOW HITPOINT WARNING * * *
Edmund hits you with a +2 flail of protection!
You die...
Your body crumbles into a pile of gold.

..#.#.##
#.#..##g#9#......$.#
#####..##
#.##.##.#....c..##$#
##))##.####.....#9#########
.# ##..)##..##....P....####
g# ...⌠..#..##..c≈~.......#
g# .#.....#.#.....P..#....#
cg #...##...........'##.g.#
g( #.####.)##...⌠..##_##9.#
.> ..###.#.####....@###.h.#
........# ##....@#..###
..#.##### #....h9.## ..#.#
#.####### ....# .... .##.#
...#.# ..#.# #..#. ....# #.
.....


You could see Edmund (ally target), a centaur (ally target), a friendly guardian
golem (summoned) and a friendly hound (summoned, sheltered).

Vanquished Creatures
  An elf zombie (Ossuary)
  2 hounds
  2 human zombies (Ossuary)
  2 orc wizards
  2 mummies (Ossuary)
  3 adders
  A worm (D:5)
  8 orcs
  2 goblins (D:4)
  3 hobgoblins (D:1)
  2 jackals (D:5)
  2 ball pythons
  4 bats
  A frilled lizard (D:2)
  2 jackal zombies
  3 kobolds
  An orc zombie (Ossuary)
  A rat (D:1)
42 creatures vanquished.

Vanquished Creatures (collateral kills)
  A black bear (D:4)
  An ogre (D:5)
  An elf zombie (Ossuary)
  2 scorpions
  2 jellies
  A hound (D:4)
  2 human zombies (Ossuary)
  Ijyb (D:3)
  An orc wizard (D:3)
  2 hound zombies (Ossuary)
  A mummy (Ossuary)
  3 adders
  12 gnolls
  An ufetubus (D:4)
  A worm (D:2)
  4 dart slugs
  2 orcs (D:3)
  2 bats
  9 endoplasms
  2 giant cockroaches (D:2)
  4 goblins
  6 hobgoblins
  3 kobolds
  3 quokkas
  6 ball pythons
  A frilled lizard (D:1)
  A kobold zombie (Ossuary)
  An orc zombie (Ossuary)
  A rat (D:2)
77 creatures vanquished.

Vanquished Creatures (others)
  An ogre (D:6)
  A black bear (D:4)
  6 killer bees (D:5)
  A gnoll bouda (D:6)
  An iguana (D:6)
  A mummy (Ossuary)
  5 gnolls
16 creatures vanquished.

Grand Total: 135 creatures vanquished

Notes
Turn   | Place    | Note
-------+----------+-------------------------------------------
     0 | D:1      | croobank the Human Summoner began the quest for the Orb.
     0 | D:1      | Reached XP level 1. HP: 13/13 MP: 3/3
   209 | D:1      | Reached XP level 2. HP: 17/20 MP: 1/5
   646 | D:1      | Reached skill level 1 in Fighting
   650 | D:1      | Reached XP level 3. HP: 17/26 MP: 3/6
   653 | D:1      | Learned a level 2 spell: Call Imp
   657 | D:1      | Learned a level 3 spell: Call Canine Familiar
  1841 | D:2      | Reached XP level 4. HP: 32/32 MP: 1/7
  2614 | D:3      | Reached XP level 5. HP: 38/38 MP: 4/9
  3151 | D:3      | Noticed Ijyb
  3860 | D:3      | Killed Ijyb
  3861 | D:3      | Reached XP level 6. HP: 3/46 MP: 5/10
  4663 | D:4      | Found a sand-covered staircase.
  4672 | Ossuary  | Entered an ossuary
  4711 | Ossuary  | Reached skill level 5 in Summonings
  4767 | Ossuary  | Reached XP level 7. HP: 19/52 MP: 0/12
  4823 | Ossuary  | Got the Textbook on Darkness
  5000 | Ossuary  | Learned a level 3 spell: Summon Guardian Golem
  5678 | D:4      | Reached skill level 1 in Hexes
  5711 | D:4      | Found an opulent altar of Gozag.
  5720 | D:4      | Reached XP level 8. HP: 60/60 MP: 7/14
  5731 | D:4      | Became a worshipper of Gozag Ym Sagoz the Greedy
  6211 | D:4      | Found a bloodstained altar of Trog.
  6558 | D:5      | Entered Level 5 of the Dungeon
  6837 | D:5      | Reached skill level 6 in Summonings
  6855 | D:5      | Reached skill level 5 in Dodging
  7225 | D:5      | Learned a level 4 spell: Summon Lightning Spire
  7409 | D:5      | Reached XP level 9. HP: 66/66 MP: 16/16
  7871 | D:6      | Reached skill level 5 in Spellcasting
  7927 | D:6      | Reached skill level 5 in Fighting
  7949 | D:6      | Found a glowing golden altar of the Shining One.
  8052 | D:6      | Noticed Edmund
  8072 | D:6      | Slain by Edmund

Illustrated notes

Levels and vault maps discovered:
D:1:      dpeg_arrival_windows_large_door, layout_basic, minmay_door_square
D:2:      layout_loops_ring
D:3:      minmay_chambers_of_twos, layout_rooms, uniq_ijyb
D:4:      layout_loops_ring, nicolae_gozag_cash_rules_everything_around_me,
          lemuel_coloured_pillars_altar, enter_ossuary_3
D:5:      layout_loops_cross
D:6:      hellmonk_crumbling_castle, layout_loops_cross, tso_oasis_becter,
          gammafunk_temple_overflow_claw, serial_shops,
          nicolae_shop_bloodbath_and_beyond, uniq_edmund

Skill      XL: |  1  2  3  4  5  6  7  8  9 |
---------------+----------------------------+-----
Fighting       | 1 2 3 4 5 |  5.0
Dodging        | 3 4 5 |  5.5
Spellcasting   | 3 4 5 |  5.1
Summonings     | 5 6 |  6.6
Hexes          | 1 3 |  3.5
Stealth        | |  2.0

Action                   |  1- 3 |  4- 6 |  7- 9 || total
-------------------------+-------+-------+-------++-------
Melee: Unarmed           |     6 |       |       ||     6
       Dagger            |    40 |    15 |       ||    55
       Whip              |       |    72 |   122 ||   194
       Punch             |       |     2 |     3 ||     5
Throw: Javelin           |     8 |     3 |     4 ||    15
 Cast: Summon Small Mamm |    22 |    15 |    17 ||    54
       Call Canine Famil |    12 |    14 |    31 ||    57
       Call Imp          |     5 |    13 |    10 ||    28
       Summon Guardian G |       |       |    18 ||    18
Invok: Potion Petition   |       |       |     1 ||     1
Evoke: Wand              |       |     2 |       ||     2
  Use: Scroll            |       |    13 |     6 ||    19
       Potion            |       |     3 |     3 ||     6
 Stab: Sleeping          |     2 |     2 |       ||     4
       Distracted        |       |       |     1 ||     1
Armor: Robe              |     7 |       |       ||     7
       Leather armour    |       |    29 |    49 ||    78
       Skin              |       |    46 |       ||    46
Dodge: Dodged            |    33 |    61 |   126 ||   220
